 Dungeon Crawl Stone Soup version 0.23.2-33-g5129a83184 (webtiles) character file.

Game seed: 17392545206285279039

139 AarnesTheHuman the Skirmisher (level 5, -4/43 HPs)
             Began as a Barachi Fighter on Aug 7, 2019.
             Slain by Duvessa
             ... wielding a +4 rapier
              (10 damage)
             ... on level 6 of the Dungeon.
             The game lasted 00:07:32 (2157 turns).

AarnesTheHuman the Skirmisher (Barachi Fighter)     Turns: 2157, Time: 00:07:32

Health: -4/43      AC:  7    Str: 18    XL:     5   Next: 22%
Magic:  5/5        EV:  7    Int:  8    God:
Gold:   139        SH:  9    Dex: 12    Spells: 4/4 levels left

rFire    . . .     SeeInvis .   a - +0 long sword
rCold    . . .     Gourm    .   c - +0 shield
rNeg     . . .     Faith    .   b - +0 scale mail
rPois    .         Spirit   .   (no helmet)
rElec    .         Reflect  .   (no cloak)
rCorr    .         Harm     .   (no gloves)
MR       .....                  (no boots)
Stlth    ..........             (no amulet)
HPRegen  0.14/turn              (no ring)
MPRegen  0.09/turn              (no ring)

@: about to teleport, very slightly contaminated, slow
A: +LOS, swims, slowness 1, strong legs 1
a: Hop


You were on level 6 of the Dungeon.
You were very hungry.

You visited 1 branch of the dungeon, and saw 6 of its levels.

You collected 139 gold pieces.

Inventory:

Hand Weapons
 a - a +0 long sword (weapon)
 o - a +0 whip of venom
Armour
 b - a +0 scale mail (worn)
 c - a +0 shield (worn)
 n - a +0 helmet
 u - a +0 pair of gloves
Jewellery
 r - a +4 ring of protection {unknown}
Scrolls
 e - 2 scrolls of blinking
 i - 2 scrolls of amnesia
 j - 2 scrolls of teleportation
Potions
 d - a potion of might
 l - a potion of curing
 q - 2 potions of lignification
 t - a potion of heal wounds {unknown}
Comestibles
 f - 3 rations


   Skills:
 + Level 4.6 Fighting
 + Level 3.7 Long Blades
 + Level 4.6 Armour
 + Level 4.3 Shields


You had 4 spell levels left.
You didn't know any spells.
Your spell library was empty.

Dungeon Overview and Level Annotations

Branches:
Dungeon (7/15)             Temple (0/1) D:6

Altars:
Cheibriados

Annotations:
D:3 Grinder
D:6 Dowan, Duvessa


Innate Abilities, Weirdness & Mutations

Shadows flee at your approach. (+LOS)
You can swim through water.
You cover ground slowly.
You can hop short distances.


Message History

Blink to where?
Press: ? - help, Dir - move target cursor You are very lightly contaminated with residual magic.
As you read the scroll of blinking, it crumbles to dust.
Found a ration.
You open the door.
Dowan, Brother of Duvessa comes into view.
He is wielding a +0 dagger.
Dowan shouts!
You hear a shout!
Dowan gestures at something while chanting.
Duvessa, Sister of Dowan comes into view.
She is wielding a +4 rapier.
You close the door.
As you read the scroll of teleportation, it crumbles to dust.
You feel strangely unstable.
Okay, then.
Okay, then.
As you read the scroll of magic mapping, it crumbles to dust.
You feel aware of your surroundings.
You sensed 2 altars.
Duvessa opens the door.
Duvessa hits you with a +4 rapier!
You die...

,********#..,,#....#.#.#.,,,,,,,,
,**⌠,,,⌠*#...,#..........,,,,,,,,
,**,,,,,*#...,#....#.#.#,,*+**,,,
***,,8,©*#....#........,,,*,,*,,,
,**,,,,,*#....#....#.#>****,,*,,,
,**⌠,,,⌠*#....'.....#,,,,,,,,*,,,
,*********,,,,#e...%#,,,,,,,,****
,*******#######.e...#,,,,******,,
,,,,,,,#.......J@...#******,,**,,
,,,,,,<#............#,,,,,+,,,,,,
,,,,,,,#............+,,,,,*,,,,,,
+####+##............#**,,**,,***+
...........##+####....**+**,,*,,,
...........#,,,,,*....#,,,,,,*,,,
...........+,,,,,*....+,,,,,,*,,,
......o>...#,,**+*....#,,**,,*,,,
############***,,,,...#**********


You could see Duvessa, Dowan and a jelly.

Vanquished Creatures
  A worker ant (D:4)
  A gnoll (D:1)
  3 adders
  3 oozes
  A worm (D:3)
  2 dart slugs (D:1)
  2 leopard geckos
  7 orcs (D:3)
  2 ball pythons (D:3)
  6 bats
  A giant cockroach (D:1)
  2 goblins (D:1)
  3 hobgoblins
  4 jackals (D:3)
  5 kobolds
  2 quokkas (D:2)
  A frilled lizard (D:2)
  2 leopard gecko skeletons
  2 rats
50 creatures vanquished.

Notes
Turn   | Place    | Note
-------+----------+-------------------------------------------
     0 | D:1      | AarnesTheHuman the Barachi Fighter began the quest for the
                  | Orb.
     0 | D:1      | Reached XP level 1. HP: 18/18 MP: 1/1
    73 | D:1      | Reached XP level 2. HP: 23/25 MP: 2/2
   608 | D:1      | Reached XP level 3. HP: 15/30 MP: 3/3
   985 | D:2      | Reached XP level 4. HP: 31/37 MP: 4/4
  1481 | D:3      | Found a snail-covered altar of Cheibriados.
  1485 | D:3      | Found a transporter.
  1498 | D:3      | Found a transporter.
  1517 | D:3      | Noticed Grinder
  1767 | D:4      | Reached XP level 5. HP: 24/43 MP: 5/5
  2136 | D:4      | You fall through a shaft for 3 floors!
  2137 | D:7      | Noticed an orc warrior
  2152 | D:6      | Noticed Dowan
  2152 | D:6      | Noticed Duvessa
  2157 | D:6      | Slain by Duvessa

Skill      XL: |  1  2  3  4 |
---------------+-------------+-----
Fighting       | 4 |  4.6
Armour         | 4 |  4.6
Long Blades    | 3 |  3.7
Shields        | 4 |  4.3

Action                   |  1- 3 |  4- 6 || total
-------------------------+-------+-------++-------
Melee: Long sword        |    85 |    94 ||   179
  Use: Scroll            |       |    13 ||    13
  Eat: Chunk             |     1 |     3 ||     4
Armor: Scale mail        |    41 |    51 ||    92
Dodge: Dodged            |    26 |    30 ||    56
Block: Shield            |    35 |    51 ||    86
       Rpst.: Long sword |     9 |     5 ||    14
